Map: [ESL] Oceanborn

Players

Krystianer - Winner!

  • Race: Protoss Protoss
  • Spawn Location: 11:00

NightPhoenix

  • Race: Protoss Protoss
  • Spawn Location: 5:00

Event: ESL SC2 Masters 2024 Spring (Regional)

VOD

Have the link to the VOD?

Description

Time

  • Played on: April 16, 2024, 12:13 p.m.
  • Length: 6:36

All games in this series

Show
View Real Time Build Order
Export as new Build Order

Krystianer Protoss - Winner!

Build Orders:  

Get SALT Encoding   

  12  0:00  Probe  
  13  0:12  Probe  
  14  0:17  Pylon  
  14  0:24  Probe (Chrono Boost)  
  16  0:37  Probe (Chrono Boost)  
  16  0:38  Gateway  
  16  0:41  Probe (Chrono Boost)  
  16  0:45  Assimilator  
  17  0:52  Probe (Chrono Boost)  
  17  0:54  Assimilator  
  18  1:04  Probe (Chrono Boost)  
  18  1:08  Gateway  
  19  1:13  Probe (Chrono Boost)  
  20  1:19  Probe  
  20  1:25  Cybernetics Core  
  21  1:31  Probe  
  21  1:32  Pylon  
  22  1:43  Probe  
  23  1:55  Probe  
  23  2:01  Stalker x2, Warp Gate  
  28  2:07  Probe  
  29  2:13  Pylon  
  29  2:19  Probe  
  30  2:31  Stalker x2  
  34  2:42  Robotics Facility  
  34  2:52  Shield Battery  
  34  3:04  Stalker x2  
  38  3:11  Pylon  
  37  3:17  Gateway  
  37  3:28  Shield Battery  
  37  3:29  Immortal (Chrono Boost)  
  41  3:49  Adept x2  
  41  3:58  Immortal (Chrono Boost)  
  45  4:07  Shield Battery  
  45  4:30  Warp Prism  
  47  4:32  Pylon  
  47  4:42  Stargate  
  47  4:50  Probe  
  48  4:59  Adept x2  
  52  5:05  Observer  
  53  5:07  Pylon  
  53  5:10  Pylon  
  53  5:26  Phoenix (Chrono Boost)  
  51  5:29  Immortal  
  55  5:36  Sentry  
  55  5:41  Zealot  
  53  5:49  Adept  
  49  6:00  Phoenix (Chrono Boost)  
  49  6:15  Adept x3  
Show
View Real Time Build Order
Export as new Build Order

NightPhoenix Protoss 

Build Orders:  

Get SALT Encoding   

  12  0:00  Probe  
  13  0:12  Probe  
  14  0:17  Pylon  
  14  0:24  Probe (Chrono Boost)  
  15  0:36  Gateway, Probe (Chrono Boost)  
  16  0:44  Probe (Chrono Boost)  
  16  0:46  Assimilator  
  17  0:51  Probe  
  17  0:53  Assimilator  
  18  1:03  Probe (Chrono Boost)  
  19  1:07  Gateway  
  19  1:13  Probe (Chrono Boost)  
  19  1:18  Probe (Chrono Boost)  
  20  1:23  Cybernetics Core  
  21  1:29  Probe  
  22  1:34  Pylon  
  22  1:41  Probe  
  23  2:00  Robotics Facility  
  23  2:02  Stalker  
  23  2:03  Stalker  
  27  2:11  Pylon  
  27  2:24  Pylon  
  27  2:35  Stalker x2  
  31  2:46  Immortal (Chrono Boost)  
  35  2:54  Warp Gate  
  33  3:08  Pylon  
  33  3:14  Warp Prism (Chrono Boost)  
  33  3:20  Gateway  
  33  3:33  Pylon  
  33  3:49  Immortal  
  35  4:10  Pylon  
  30  4:23  Probe  
  31  4:30  Immortal  
  35  4:35  Probe  
  36  4:47  Probe  
  36  4:50  Sentry x2  
  41  4:55  Pylon  
  41  4:59  Probe  
  42  5:11  Probe  
  37  5:25  Stalker x3  
  39  5:49  Stalker x2  
  39  5:54  Stalker  
  33  6:14  Adept x2  
  33  6:17  Adept  
  33  6:18  Probe  
Tags
 
Add a new tag
Caveats
  • Supply blocks, unpowered buildings, or Contaminate may cause inaccurate times.
  • Supply counts are checked every 10 seconds.